 Dungeon Crawl Stone Soup version 0.18-a0-1343-g48c8f86 (webtiles) character file.

2552 M4edhros the Martial Artist (level 9, 0/63 HPs)
             Began as a Mummy Monk on Feb 16, 2016.
             Slain by a killer bee (2 damage)
             ... on level 8 of the Dungeon.
             The game lasted 00:21:33 (13221 turns).

M4edhros the Martial Artist (Mummy Monk)           Turns: 13221, Time: 00:21:33

Health: 0/63       AC:  3    Str: 15    XL:     9   Next: 31%
Magic:  9/9        EV: 13    Int:  9    God:
Gold:   440        SH:  0    Dex: 21    Spells: 0 memorised, 8 levels left

rFire  x . .     SeeInvis .       - Unarmed
rCold  + . .     Gourm    .     (no armour)
rNeg   + + +     Faith    .     (no shield)
rPois  ∞         Spirit   .     n - +2 hat {MR+}
rElec  .         Dismiss  .     k - +0 cloak
rCorr  .         Reflect  .     (no gloves)
SustAt .         Harm     .     (no boots)
MR     ++...                    (no amulet)
Stlth  ++........               (no ring)
                                b - +4 ring of dexterity

@: very resistant to hostile enchantments, unstealthy
A: no food or potions, fire vulnerability, cold resistance 1, negative energy
resistance 3, torment resistance, unbreathing
a: no special abilities


You were on level 8 of the Dungeon.
You were not hungry.

You visited 1 branch of the dungeon, and saw 8 of its levels.

You collected 440 gold pieces.

Inventory:

Armour
 k - a +0 cloak (worn)
 n - a +2 hat of magic resistance (worn)
Jewellery
 b - a +4 ring of dexterity (left hand)
Wands
 d - a wand of flame (15/48)
 e - a wand of slowing (38/48)
 l - a wand of slowing (29/48)
 m - a wand of hasting (3/9)
Scrolls
 a - 2 scrolls of random uselessness
 c - a scroll of recharging
 f - a scroll of enchant weapon
 g - 4 scrolls of identify
 h - 3 scrolls of remove curse
 i - a scroll of immolation
 j - 2 scrolls of amnesia
Comestibles
 p - 3 fruits (quivered)


   Skills:
 - Level 3.0 Fighting
 - Level 2.4 Dodging
 - Level 1.5 Stealth
 + Level 11.0 Unarmed Combat


You had 8 spell levels left.
You didn't know any spells.

Dungeon Overview and Level Annotations

Branches:
Dungeon (8/15)             Temple (0/1) D:4
   Lair: D:8-11

Altars:
Cheibriados
Makhleb
Nemelex Xobeh
Okawaru
Qazlal
The Shining One

Shops:
D:8 }

Annotations:
D:5 Pikel


Innate Abilities, Weirdness & Mutations

You do not eat or drink.
Your flesh is vulnerable to fire.
You are immune to poison.
Your flesh is cold resistant.
You are immune to negative energy.
You are immune to unholy pain and torment.
You can survive without breathing.


Message History

You destroy the centaur skeleton!
Your Unarmed Combat skill increases to level 11!
The adder barely misses you. The killer bee closely misses you.
You closely miss the killer bee.
The killer bee is moderately wounded.
The killer bee stings you.
* * * LOW HITPOINT WARNING * * *
The adder barely misses you.
You miss the killer bee.
The killer bee is moderately wounded.
The killer bee closely misses you. The adder bites you but does no damage.
The killer bee barely misses you.
You punch the killer bee!
You kill the killer bee!
The adder bites you.
* * * LOW HITPOINT WARNING * * *
The killer bee stings you!
* * * LOW HITPOINT WARNING * * *
You miss the killer bee. The killer bee stings you.
You die...

####### . #.....#
.###.....## ..y....
..........# .......
..........# .......
#....<....# .......
.......##.# .......
....∩.....###+####y.....#
.##...###.##..##@yyh.#
#.#.###.##..###Sh..#
.#.#........## #a#as##
...#####....# ##.#...#
#...## ###..###....#.#
##....####........## ..
....#...........#.......
........[...............
...##..##....###.#...#


You could see a scorpion, 2 worker ants, 3 killer bees, an adder and 2 jackals.

Vanquished Creatures
  A human (D:7)
  A hog (D:7)
  The ghost of asdu the Magician, an amateur DrWz (D:5)
  A water moccasin (D:7)
  An ice beast (D:7)
  A sky beast (D:6)
  A necrophage (D:7)
  An ogre (D:4)
  A centaur (D:7)
  Blork the orc (D:5)
  2 scorpions
  2 killer bees (D:8)
  4 wights (D:7)
  3 crimson imps
  A giant frog zombie (D:6)
  A quasit (D:7)
  An orc priest (D:7)
  2 hounds
  2 centaur skeletons
  3 iguanas
  An orc wizard (D:6)
  8 worker ants
  3 sheep (D:7)
  3 gnolls (D:3)
  12 adders
  A shadow imp (D:6)
  3 oozes (D:1)
  An adder zombie (D:6)
  4 worms
  5 giant geckos
  10 orcs
  10 bats
  3 giant cockroaches
  6 goblins
  13 hobgoblins
  16 jackals
  5 quokkas
  A ball python (D:4)
  3 giant newts (D:2)
  6 kobolds
  5 rats
150 creatures vanquished.

Notes
Turn   | Place    | Note
--------------------------------------------------------------
     0 | D:1      | M4edhros the Mummy Monk began the quest for the Orb.
     0 | D:1      | Reached XP level 1. HP: 18/18 MP: 1/1
   203 | D:1      | Reached XP level 2. HP: 8/24 MP: 2/2
   702 | D:1      | Reached skill level 4 in Unarmed Combat
  1008 | D:1      | Reached XP level 3. HP: 9/29 MP: 3/3
  1879 | D:2      | Found a snail-covered altar of Cheibriados.
  2203 | D:2      | Reached XP level 4. HP: 8/35 MP: 4/4
  2497 | D:2      | Found a glowing golden altar of the Shining One.
  2998 | D:3      | Found a sparkling altar of Nemelex Xobeh.
  3254 | D:3      | Reached skill level 5 in Unarmed Combat
  3297 | D:3      | Found a burning altar of Makhleb.
  3695 | D:2      | Reached XP level 5. HP: 35/41 MP: 5/5
  5500 | D:4      | Found a staircase to the Ecumenical Temple.
  5550 | D:4      | Noticed an ogre
  6223 | D:4      | Killed an ogre
  6223 | D:4      | Reached skill level 6 in Unarmed Combat
  6223 | D:4      | Reached XP level 6. HP: 20/47 MP: 6/6
  7209 | D:5      | Entered Level 5 of the Dungeon
  7252 | D:5      | Noticed Blork the orc
  7270 | D:5      | Killed Blork the orc
  7301 | D:5      | Noticed asdu's ghost (amateur DrWz)
  7523 | D:5      | Noticed Pikel
  7591 | D:5      | Noticed a slave
  7756 | D:6      | Reached skill level 7 in Unarmed Combat
  7934 | D:6      | Found an iron altar of Okawaru.
  7955 | D:6      | Reached XP level 7. HP: 29/52 MP: 7/7
  8353 | D:6      | Noticed a water elemental
  8688 | D:6      | Identified a scroll of acquirement
  9234 | D:4      | HP: 2/52 [crimson imp (2)]
  9594 | D:5      | Killed asdu's ghost
  9594 | D:5      | Reached skill level 8 in Unarmed Combat
 10257 | D:6      | Reached XP level 8. HP: 11/58 MP: 8/8
 10520 | D:6      | Found a stormy altar of Qazlal.
 10521 | D:6      | Noticed an air elemental
 10872 | D:7      | Reached skill level 9 in Unarmed Combat
 11975 | D:7      | Reached skill level 10 in Unarmed Combat
 12570 | D:7      | Reached XP level 9. HP: 42/63 MP: 9/9
 13170 | D:8      | Found Quutos's Gadget Emporium.
 13217 | D:8      | Reached skill level 11 in Unarmed Combat
 13220 | D:8      | HP: 2/63 [killer bee (7)]
 13221 | D:8      | Slain by a killer bee

Vault maps used:
D:1:      minmay_arrival_plants_in_alcoves, minmay_misc_feat_more_columns,
          dk_noncrumbling_4
D:2:      marbit_many_paths, tso_metal_star
D:3:      old_standard_altar, nemelex_xobeh_ov_fountains_minmay
D:4:      minmay_temple_entry_statues
D:5:      first_bread, uniq_pikel, uniq_blork_the_orc
D:6:      okawaru_gym_becter, nicolae_qazlal_style_of_elements,
          minmay_strange_pillars, minivault_22
D:7:      grunt_livestock, kennysheep_small_circle
D:8:      yredelemnul_altar_generic, kennysheep_mini,
          nicolae_overflow_hidden_temple, serial_shops, shop,
          nrook_pool_corridor, uniq_erolcha

Action                   |  1- 3 |  4- 6 |  7- 9 || total
-------------------------+-------+-------+-------++-------
Melee: Unarmed           |   147 |   252 |   346 ||   745
  Use: Scroll            |       |       |    11 ||    11
 Stab: Sleeping          |     2 |     6 |     4 ||    12
       Distracted        |     1 |       |       ||     1
